AoeStats
← a.l.a.n.t

Arena

505081837Analyzed
2v2 RM · 25d ago on Sep 7, 2026· 28m 21s· 4 players
Game mode
Random Map
Map size
Medium (4 player)
Population
200
Speed
Normal
Resources
Standard
Victory
Conquest
Starting age
Dark Age
Ending age
Imperial Age
RankedLock teamsTeams togetherTeam positionsShared explorationLock speedFull tech treeHidden civsTurbo modeCheats
Victory
Defeat
🇩🇪 Romans · Germany
1244
+16
🇩🇪 Cumans · Germany
1242
+16
🇬🇧 Huns · United Kingdom
1304
-18
🇮🇶 Poles · Iraq
1196
-14
N1co119
9:25 Feudal Age
10:16 Double-Bit Axe
11:42 Horse Collar
13:21 Loom
19:03 Castle Age
16:58 Loom
20:53 Bow Saw
25:47 Wheelbarrow
28:06 Imperial Age
28:56 Wheelbarrow
29:55 Two-Man Saw
Tellox
7:38 Loom
10:26 Feudal Age
13:12 Man-at-Arms
15:10 Scale Mail Armor
16:30 Forging
22:08 Horse Collar
22:14 Double-Bit Axe
27:53 Castle Age
26:01 Scale Barding Armor
27:42 Padded Archer Armor
a.l.a.n.t
11:10 Feudal Age
15:31 Castle Age
13:17 Man-at-Arms
14:02 Scale Mail Armor
13:46 Man-at-Arms
15:39 Forging
aryaszahir958
9:22 Feudal Age
10:48 Double-Bit Axe
11:03 Horse Collar
11:17 Loom
17:08 Castle Age
15:38 Stone Mining
18:04 Man-at-Arms
Connection lost

Rejoining the realm…

Still unreachable

The connection could not be restored.

Session expired

The server has moved on; the page needs a fresh start.